[Event "*** Titled Tuesday Blitz"]
[Site "Chess.com"]
[Date "2021.04.27"]
[Round "2"]
[White "2346PL"]
[Black "anon569"]
[Result "1-0"]
[WhiteElo "2433"]
[BlackElo "2208"]
[TimeControl "180+1"]
[EndTime "10:16:56 PDT"]
[Termination "2346PL won by checkmate"]

1. d4 Nf6 2. Nc3 e6 3. Bf4 Bb4 4. Qd3 b6 5. O-O-O Ba6 6. Qf3 Nc6 7. e3 Bxf1 8. Rxf1 Bxc3 9. bxc3 Qc8 10. Qe2 Nd5 11. Kd2 b5 12. Rb1 a6 13. Nf3 Na5 14. Qd3 Nc4+ 15. Ke2 d6 16. Bg3 f5 17. Nd2 Nxd2 18. Kxd2 c5 19. Bxd6 cxd4 20. exd4 Nb6 21. Rhe1 Nc4+ 22. Ke2 Nxd6 23. Kf1 O-O 24. Kg1 Re8 25.
a4 Qc4 26. Qg3 Ne4 27. Qe5 Nxc3 28. Rb3 bxa4 29. Rb7 Ne2+ 30. Rxe2 Qxe2 31. Qxg7# 1-0

[Event "*** Titled Tuesday Blitz"]
[Site "Chess.com"]
[Date "2021.04.27"]
[Round "2"]
[White "Jumbo"]
[Black "nocnypako"]
[Result "1-0"]
[WhiteElo "2782"]
[BlackElo "2542"]
[TimeControl "180+1"]
[EndTime "10:16:57 PDT"]
[Termination "Jumbo won by resignation"]

1. d4 Nf6 2. c4 g6 3. g3 Bg7 4. Bg2 d5 5. cxd5 Nxd5 6. Nf3 Nb6 7. O-O Nc6 8. e3 O-O 9. Nc3 Re8 10. Re1 a5 11. h3 e5 12. d5 Nb4 13. e4 c6 14.
a3 Na6 15. Bg5 Bf6 16. Be3 Nc4 17. Bc1 Nc5 18. b3 Nb6 19. Be3 Ncd7 20. dxc6 bxc6 21. Qc2 Bb7 22. Red1 Qe7 23. h4 a4 24. b4 Nc4 25.
Bg5 Ndb6 26. Bf1 Nd6 27. Qa2 Kg7 28. Rd2 h6 29. Be3 Nbc8 30. Rad1 Qe6 31. Qxe6 Rxe6 32. Bc5 Be7 33. Bh3 f5 34. h5 Rf6 35. hxg6 Kxg6 36. Nxe5+ Kg7 37. exf5 Nxf5 38. Rd7 Rf7 39. Nxf7 1-0

[Event "*** Titled Tuesday Blitz"]
[Site "Chess.com"]
[Date "2021.04.27"]
[Round "2"]
[White "fyall777"]
[Black "volunteers1998"]
[Result "0-1"]
[WhiteElo "2409"]
[BlackElo "2210"]
[TimeControl "180+1"]
[EndTime "10:16:57 PDT"]
[Termination "volunteers1998 won on time"]

1. d4 f5 2. c4 g6 3. Nc3 Nf6 4. h4 Bg7 5. h5 Nxh5 6. Rxh5 gxh5 7.
e3 O-O 8. Qxh5 Qe8 9. Qh4 d6 10. Nd5 Na6 11. Nxe7+ Kh8 12. Nxc8 Rxc8 13. Bd2 c5 14.
Nf3 cxd4 15. Nxd4 Nc5 16. O-O-O Qa4 17. Be2 Qxa2 18. Rh1 h6 19. e4 Na4 20. b3 Qb2+ 21. Kd1 Qb1+ 22. Bc1 Nc3+ 23. Ke1 Qxc1+ 0-1

[Event "*** Titled Tuesday Blitz"]
[Site "Chess.com"]
[Date "2021.04.27"]
[Round "2"]
[White "Diaschess88"]
[Black "barbara25"]
[Result "1-0"]
[WhiteElo "2549"]
[BlackElo "2287"]
[TimeControl "180+1"]
[EndTime "10:16:59 PDT"]
[Termination "Diaschess88 won by resignation"]

1. d4 d5 2. c4 c6 3. Nf3 Nf6 4. Nc3 e6 5. Bg5 Be7 6. e3 O-O 7. Rc1 Nbd7 8. a3 b6 9. Bd3 Bb7 10. O-O Rc8 11. Qe2 c5 12. cxd5 exd5 13. Ba6 Qc7 14.
Rfd1 Bxa6 15. Qxa6 Nb8 16. Qa4 Rfd8 17. dxc5 bxc5 18.
Bxf6 Bxf6 19. Nxd5 Qd6 20. Qxa7 Qe6 21. Nxf6+ Qxf6 22. Rxd8+ Rxd8 23. b4 cxb4 24. axb4 h6 25. h3 Qb2 26. Rc7 Rf8 27. Qd4 Qb1+ 28. Kh2 Na6 29. Ra7 Nb8 30. Ra1 Qc2 31. b5 Qxf2 32. b6 Qe2 33.
Ra8 Qb5 34. Qd6 Nd7 35. Rxf8+ Nxf8 36. Qc7 Nd7 37. b7 Kh7 38. Qxd7 Qxd7 1-0

[Event "*** Titled Tuesday Blitz"]
[Site "Chess.com"]
[Date "2021.04.27"]
[Round "2"]
[White "Alex_Terzi"]
[Black "paulrusan"]
[Result "1-0"]
[WhiteElo "2448"]
[BlackElo "2230"]
[TimeControl "180+1"]
[EndTime "10:17:00 PDT"]
[Termination "Alex_Terzi won by resignation"]

1. e4 c5 2. Nc3 e6 3. f4 a6 4. Nf3 d5 5. d3 Nf6 6. e5 d4 7.
exf6 dxc3 8. bxc3 Qxf6 9. Bd2 Bd6 10. g3 Nc6 11. Bg2 O-O 12. O-O e5 13. fxe5 Nxe5 14.
Ng5 Qe7 15. Ne4 Bg4 16. Qe1 Bc7 17. Qf2 f5 18. Nxc5 Bb6 19. d4 Bxc5 20. dxc5 Rac8 21. Be3 Kh8 22. Bd4 Nc6 23. Rae1 Qc7 24. Qf4 Nxd4 25. cxd4 Rfd8 26. Qxc7 Rxc7 27. c3 g6 28. Re5 b6 29.
c6 Rd6 30. d5 b5 31. Rfe1 Kg7 32. Re7+ Rxe7 33. Rxe7+ Kf8 34. Rxh7 f4 35. gxf4 Rf6 36. h3 Kg8 37. hxg4 Kxh7 38. c7 Rf8 39. d6 1-0

[Event "*** Titled Tuesday Blitz"]
[Site "Chess.com"]
[Date "2021.04.27"]
[Round "2"]
[White "monalize"]
[Black "kingofthenil"]
[Result "0-1"]
[WhiteElo "2365"]
[BlackElo "2647"]
[TimeControl "180+1"]
[EndTime "10:17:02 PDT"]
[Termination "kingofthenil won by checkmate"]

1. e4 Nc6 2. d4 d5 3. exd5 Qxd5 4.
Nf3 Bg4 5. Be2 O-O-O 6. c4 Qh5 7.
d5 e6 8. Nc3 Nf6 9. h3 exd5 10.
O-O dxc4 11. hxg4 Nxg4 12. Qa4 Bd6 13. Re1 Rhe8 14. Bg5 Nd4 15. g3 Nxf3+ 16. Bxf3 Qh2+ 17. Kf1 Qxf2# 0-1

[Event "*** Titled Tuesday Blitz"]
[Site "Chess.com"]
[Date "2021.04.27"]
[Round "2"]
[White "mjray79"]
[Black "TheKingOfTheForest"]
[Result "1-0"]
[WhiteElo "2450"]
[BlackElo "2235"]
[TimeControl "180+1"]
[EndTime "10:17:04 PDT"]
[Termination "mjray79 won by resignation"]

1. d4 f5 2. Nc3 Nf6 3. Bg5 d6 4. Bxf6 exf6 5. e3 Be6 6. Qf3 c6 7. Bd3 Qd7 8. d5 cxd5 9. Nxd5 Nc6 10. Nf4 Ne5 11. Qe2 Nxd3+ 12. Qxd3 g5 13. Nxe6 Qxe6 14. Nf3 O-O-O 15. Nd4 Qe4 16. Nxf5 Qxg2 17. O-O-O d5 18. Qc3+ Kb8 19. Qxf6 Bc5 20. Qe5+ Ka8 21. Rhf1 Rhf8 22.
Qg3 Qe4 23. Nd4 h6 24. Qc7 Bb6 25. Qc3 Qe5 26. Qb3 Qxh2 27. Ne6 Rxf2 28. Nxd8 Bxd8 29. Rxf2 Qxf2 30. Qxd5 Qxe3+ 31. Kb1 1-0

[Event "*** Titled Tuesday Blitz"]
[Site "Chess.com"]
[Date "2021.04.27"]
[Round "2"]
[White "lamomiablanca"]
[Black "HouseOfDurin"]
[Result "1-0"]
[WhiteElo "2396"]
[BlackElo "2115"]
[TimeControl "180+1"]
[EndTime "10:17:04 PDT"]
[Termination "lamomiablanca won by resignation"]

1. e4 c5 2. d3 Nc6 3. g3 g6 4. Bg2 Bg7 5. f4 e5 6. Nf3 d6 7.
O-O Nge7 8. Nc3 O-O 9. f5 gxf5 10. Nh4 fxe4 11. dxe4 f5 12. exf5 Nxf5 13. Qh5 Nxh4 14.
Bg5 Bf6 15. Bd5+ Kg7 16. Qh6+ Kh8 17. Rxf6 Rxf6 18. Bxf6+ 1-0

[Event "*** Titled Tuesday Blitz"]
[Site "Chess.com"]
[Date "2021.04.27"]
[Round "2"]
[White "azikom"]
[Black "Chandradi"]
[Result "1-0"]
[WhiteElo "2657"]
[BlackElo "2372"]
[TimeControl "180+1"]
[EndTime "10:17:05 PDT"]
[Termination "azikom won by checkmate"]

1. d4 Nf6 2. Nf3 b6 3. c4 Bb7 4. Nc3 e6 5. Bg5 Be7 6. e3 Ne4 7. Bxe7 Qxe7 8. Qc2 Nxc3 9. Qxc3 d5 10. cxd5 exd5 11.
Bb5+ c6 12. Bd3 Nd7 13. O-O O-O 14. Bf5 Rfe8 15. Rac1 f6 16. Rfd1 Nf8 17. g3 Bc8 18. Bxc8 Raxc8 19. b4 Qe4 20. Nd2 Qg4 21. Qd3 Ne6 22.
b5 c5 23. dxc5 Rxc5 24. Nb3 Rxc1 25. Rxc1 Rd8 26. Qd1 Qb4 27. Rc6 Rd6 28. Rc8+ Kf7 29. Qh5+ Ke7 30. Qe8# 1-0

[Event "*** Titled Tuesday Blitz"]
[Site "Chess.com"]
[Date "2021.04.27"]
[Round "2"]
[White "Aradhya2000"]
[Black "northridgehawk"]
[Result "1-0"]
[WhiteElo "2635"]
[BlackElo "2317"]
[TimeControl "180+1"]
[EndTime "10:17:06 PDT"]
[Termination "Aradhya2000 won by resignation"]

1. d4 Nf6 2. Nf3 g6 3. c4 d5 4. cxd5 Nxd5 5. e4 Nb6 6. Nc3 Bg7 7. Be3 Bg4 8. Be2 c5 9. dxc5 N6d7 10. O-O O-O 11. Qb3 Qc8 12. Nd5 Nc6 13. Rac1 e6 14. Nc3 e5 15. Nd5 Be6 16. Ng5 Re8 17. Rfd1 h6 18.
Nxe6 fxe6 19. Nb4 Nd4 20. Bxd4 exd4 21. c6 Ne5 22. c7 Re7 23. Qc2 Rd7 24. f4 Nf7 25.
Qc4 Re7 26. e5 g5 27. g3 a5 28. Nd3 Ra6 29. Bf3 gxf4 30. Bxb7 Qxb7 31. c8=Q+ 1-0

[Event "*** Titled Tuesday Blitz"]
[Site "Chess.com"]
[Date "2021.04.27"]
[Round "2"]
[White "alexgo05"]
[Black "tusplingher"]
[Result "1-0"]
[WhiteElo "2472"]
[BlackElo "2270"]
[TimeControl "180+1"]
[EndTime "10:17:06 PDT"]
[Termination "alexgo05 won by resignation"]

1. d4 Nf6 2. Bf4 d5 3. e3 c5 4. Nf3 Nc6 5. c3 Qb6 6. Qb3 c4 7. Qxb6 axb6 8. Na3 Bf5 9. Nb5 Ra5 10. a4 Bc2 11.
Nd2 Bxa4 12. Na3 e6 13. e4 Bxa3 14. Rxa3 Bc2 15. exd5 exd5 16. Rxa5 bxa5 17. Be2 O-O 18. O-O Bg6 19. Nf3 Re8 20. Bd1 b5 21. Ne5 Nxe5 22.
dxe5 Bd3 23. exf6 Bxf1 24. Kxf1 gxf6 25. Bc7 Ra8 26. Bf3 Ra7 27. Bd8 Ra6 28. Be7 Re6 29. Bc5 Re5 30. Bd4 Rf5 31. Bb6 a4 32. Bd4 Kf8 33. h4 h5 34. Ke2 Ke7 35. Ke3 Ke6 36.
g4 hxg4 37. Bxg4 1-0

[Event "*** Titled Tuesday Blitz"]
[Site "Chess.com"]
[Date "2021.04.27"]
[Round "2"]
[White "INDIAN-ELEPHANT"]
[Black "PelinGorki"]
[Result "1-0"]
[WhiteElo "2727"]
[BlackElo "2510"]
[TimeControl "180+1"]
[EndTime "10:17:10 PDT"]
[Termination "INDIAN-ELEPHANT won by resignation"]

1. d4 Nf6 2. Nf3 e6 3. c4 c5 4. d5 b5 5. dxe6 fxe6 6. cxb5 d5 7. g3 Be7 8. Bg2 O-O 9. O-O a6 10. bxa6 Bxa6 11. Nc3 Ra7 12. Ng5 Bc8 13. e4 d4 14.
Nb5 Rb7 15. a4 h6 16. e5 Nd5 17. Ne4 Nc6 18. Nbd6 Nxe5 19. Nxb7 Bxb7 20. Re1 Nf7 21. Bd2 c4 22. Rc1 Ba6 23. Qg4 Qc8 24. Bh3 Nc7 25.
Bf4 e5 26. Qh5 Qb7 27. Bxe5 Qd5 28. f4 d3 29. Bf5 Nxe5 30. fxe5 Ne6 31. Qg6 Ng5 32.
Qxa6 Nxe4 33. Be6+ Kh8 34. Bxd5 Bc5+ 35. Kg2 Rf2+ 36.
Kh1 Ng5 37. Qc8+ Kh7 38. Qxc5 Rxb2 39. Qxc4 Nf3 40. Bxf3 Rxh2+ 41. Kxh2 1-0

[Event "*** Titled Tuesday Blitz"]
[Site "Chess.com"]
[Date "2021.04.27"]
[Round "2"]
[White "jefferyx"]
[Black "KeithArkell"]
[Result "1-0"]
[WhiteElo "2990"]
[BlackElo "2606"]
[TimeControl "180+1"]
[EndTime "10:17:13 PDT"]
[Termination "jefferyx won by resignation"]

1. d4 e6 2. e4 d5 3. Nc3 dxe4 4.
Nxe4 Bd7 5. Nf3 Bc6 6. Bd3 Nd7 7. c4 Ngf6 8. Nc3 Be7 9. O-O Bxf3 10. Qxf3 c6 11. Bf4 O-O 12. Rad1 Re8 13. Rfe1 Qb6 14. b3 Bf8 15. g4 g6 16. h4 Bg7 17. h5 Qa5 18.
Bd2 Qc7 19. Bb1 a6 20. Kg2 Rad8 21. Bg5 Rc8 22. hxg6 hxg6 23. Rh1 c5 24. Qh3 cxd4 25. Bh6 Bf8 26. Bf4 1-0

[Event "*** Titled Tuesday Blitz"]
[Site "Chess.com"]
[Date "2021.04.27"]
[Round "2"]
[White "MeekinsKris"]
[Black "LileKoridze"]
[Result "1-0"]
[WhiteElo "2212"]
[BlackElo "2409"]
[TimeControl "180+1"]
[EndTime "10:17:13 PDT"]
[Termination "MeekinsKris won by resignation"]

1. e4 c5 2. d4 cxd4 3. c3 Nf6 4. e5 Nd5 5. Qxd4 e6 6. Nf3 Nc6 7. Qe4 f5 8. Qe2 Be7 9. g3 O-O 10. Bg2 Qc7 11. c4 Nb6 12. O-O d6 13. exd6 Bxd6 14.
Nc3 e5 15. Rd1 a6 16. Be3 e4 17. Bxb6 exf3 18. Qxf3 Qxb6 19. Rxd6 Qxb2 20. Rad1 Qb4 21. Ne2 Qxc4 22. Nf4 Kh8 23. Qh5 Ne5 24. R6d5 Qc7 25. Rxe5 Qb6 26. Rde1 Bd7 27. Re7 Bb5 28. Qg5 g6 29.
Nd5 Qd6 30. Qh6 1-0

[Event "*** Titled Tuesday Blitz"]
[Site "Chess.com"]
[Date "2021.04.27"]
[Round "2"]
[White "Vanina1989"]
[Black "nss13"]
[Result "1-0"]
[WhiteElo "2803"]
[BlackElo "2551"]
[TimeControl "180+1"]
[EndTime "10:17:14 PDT"]
[Termination "Vanina1989 won by resignation"]

1. d4 d5 2. c4 c6 3. Nf3 Nf6 4. g3 Bf5 5. Bg2 e6 6. O-O Nbd7 7. b3 h6 8. Bb2 Bd6 9. Nbd2 Qe7 10. Ne5 Ba3 11.
Qc1 Bxb2 12. Qxb2 O-O 13. Rac1 Bh7 14. Rfe1 Rfd8 15. Ndf3 Be4 16. Nxd7 Nxd7 17. Nd2 Bxg2 18. Kxg2 Nf6 19. e3 dxc4 20. Nxc4 c5 21. Qa3 b6 22. dxc5 Qxc5 23. Qxc5 bxc5 24. Rc2 Nd5 25. Ne5 Nb4 26. Rxc5 Nxa2 27. Rc7 f6 28. Nc6 Rd2 29. Nd4 Re8 30. Nf3 Rb2 31. Rd1 Kh7 32. Rdd7 Rg8 33.
Nd4 Rd2 34. Rxa7 e5 35. Nf5 Rxd7 36. Rxd7 h5 37. h4 Kh8 38. Rb7 g6 39. Nd6 Ra8 40. b4 Ra4 41. b5 Rb4 42. b6 Nc3 43. Rb8+ Kh7 44. b7 Na4 1-0

[Event "*** Titled Tuesday Blitz"]
[Site "Chess.com"]
[Date "2021.04.27"]
[Round "2"]
[White "HrvojeZagreb"]
[Black "Manukyan_Artak"]
[Result "0-1"]
[WhiteElo "2247"]
[BlackElo "2456"]
[TimeControl "180+1"]
[EndTime "10:17:14 PDT"]
[Termination "Manukyan_Artak won by resignation"]

1. d4 Nf6 2. Bf4 c5 3. e3 d5 4. Nc3 Bg4 5. f3 Bh5 6. Nb5 Na6 7. c3 e6 8. h4 Bg6 9. g4 h6 10. Nh3 Be7 11. h5 Bh7 12. Bd3 Bxd3 13. Qxd3 Qb6 14.
a4 c4 15. Qb1 Rc8 16. b3 Nb8 17. bxc4 dxc4 18. a5 Qd8 19. Nxa7 Nd5 20. Nxc8 Qxc8 21. Bxb8 Qxb8 22. Qb5+ Kf8 23. Kf2 Bh4+ 24. Kf1 Qg3 25.
Qxc4 Qxf3+ 26. Kg1 Qg3+ 27. Kf1 Nxe3+ 28. Ke2 Nxc4 0-1

[Event "*** Titled Tuesday Blitz"]
[Site "Chess.com"]
[Date "2021.04.27"]
[Round "2"]
[White "InitiatingASC"]
[Black "topin8"]
[Result "0-1"]
[WhiteElo "2414"]
[BlackElo "2232"]
[TimeControl "180+1"]
[EndTime "10:17:14 PDT"]
[Termination "topin8 won by checkmate"]

1. Nf3 Nf6 2. c4 e6 3. g3 d5 4. Bg2 Be7 5. O-O O-O 6. d4 a6 7. Ne5 c5 8. Nc3 dxc4 9. dxc5 Bxc5 10. Nxc4 Nc6 11. Bg5 Be7 12. Qb3 Na5 13. Nxa5 Qxa5 14.
Be3 Bd7 15. Bb6 Qh5 16. Bxb7 Rab8 17. Bc7 Ng4 18. h4 Bc6 19. Bxb8 Rxb8 20. Bxc6 Rxb3 21. axb3 Bxh4 22. Bf3 Bxg3 23. Rfd1 Qh2+ 24. Kf1 Qxf2# 0-1

[Event "*** Titled Tuesday Blitz"]
[Site "Chess.com"]
[Date "2021.04.27"]
[Round "2"]
[White "rikyshi"]
[Black "mbachez"]
[Result "0-1"]
[WhiteElo "2197"]
[BlackElo "2428"]
[TimeControl "180+1"]
[EndTime "10:17:14 PDT"]
[Termination "mbachez won on time"]

1. d4 Nf6 2. Nc3 e6 3. Bf4 Bb4 4. Qd3 b6 5. Nf3 Ba6 6. Qd1 Ne4 7. Bd2 Nxc3 8. Bxc3 Bxc3+ 9. bxc3 Nc6 10. Nd2 O-O 11.
e4 Bxf1 12. Nxf1 e5 13. Ng3 Qh4 14. Qd3 Rae8 15. O-O d6 16. Nf5 Qg5 17. Qh3 exd4 18. cxd4 Rxe4 19. d5 Ne7 20. Ne3 f5 21. Rae1 Rh4 22.
Qf3 Ng6 0-1

[Event "*** Titled Tuesday Blitz"]
[Site "Chess.com"]
[Date "2021.04.27"]
[Round "2"]
[White "TimurGareyev"]
[Black "Natalya_Buksa"]
[Result "1-0"]
[WhiteElo "2723"]
[BlackElo "2503"]
[TimeControl "180+1"]
[EndTime "10:17:18 PDT"]
[Termination "TimurGareyev won by resignation"]

1. d4 d5 2. c4 e6 3. Nf3 Nf6 4. Nc3 Be7 5. e3 O-O 6. Qc2 a6 7. b3 b6 8. Bb2 Bb7 9. Rd1 Nbd7 10. Bd3 Rc8 11. cxd5 exd5 12. Ne5 c5 13. Nxd7 Nxd7 14.
Bxh7+ Kh8 15. Bf5 Bf6 16. O-O g6 17. Bxd7 Qxd7 18. dxc5 d4 19. Ne4 Bxe4 20. Qxe4 bxc5 21.
exd4 Rfd8 22. Rd3 cxd4 23. Rfd1 Rc5 24. Rxd4 Bxd4 25. Rxd4 Rc1+ 26. Bxc1 Qxd4 27. Qxd4+ Rxd4 28. Bb2 1-0

[Event "*** Titled Tuesday Blitz"]
[Site "Chess.com"]
[Date "2021.04.27"]
[Round "2"]
[White "SanchezKelvin"]
[Black "LazyIM"]
[Result "0-1"]
[WhiteElo "196"]
[BlackElo "2612"]
[TimeControl "180+1"]
[EndTime "10:17:19 PDT"]
[Termination "LazyIM won by resignation"]

1. e4 c5 2. Nf3 e6 3. d4 cxd4 4. Nxd4 a6 5. c4 Nf6 6. Nc3 Bb4 7. f3 d6 8. Nc2 Bxc3+ 9. bxc3 O-O 10. Ba3 Ne8 11. e5 Qa5 12. Bb4 Qxe5+ 13. Kf2 Nc6 14.
Bd3 Nxb4 15. cxb4 Nf6 16. Re1 Qxh2 17. Rh1 Qe5 18. Qd2 h6 19. Rae1 Qg5 20. Qc3 e5 21.
Ne3 Be6 22. Bb1 Rfd8 23. Qd3 Rac8 24. Rd1 g6 25. Qe2 Kg7 26. g3 d5 27. cxd5 Nxd5 28.
Nxd5 Rxd5 29. Rxd5 Bxd5 30. Re1 Rc3 31. Qxe5+ Qxe5 32. Rxe5 Rxf3+ 33. Ke2 Bc6 34. Re7 Rxg3 35. Bc2 Bd5 36.
a4 h5 37. Rd7 Rg5 38. Ke3 h4 39. Kf4 Rh5 40. Bd1 Rf5+ 41. Kg4 Be6 0-1

[Event "*** Titled Tuesday Blitz"]
[Site "Chess.com"]
[Date "2021.04.27"]
[Round "2"]
[White "kakorrhaphiophobie"]
[Black "DenisQ"]
[Result "0-1"]
[WhiteElo "2305"]
[BlackElo "2634"]
[TimeControl "180+1"]
[EndTime "10:17:19 PDT"]
[Termination "DenisQ won on time"]

1. d4 Nf6 2. c4 c6 3. Nc3 d5 4. e3 Bf5 5. Qb3 Qb6 6. c5 Qc7 7. Nf3 Nbd7 8. Ne2 b6 9. Ng3 Bg6 10. cxb6 axb6 11. Nh4 e6 12. Be2 Bd6 13. Nxg6 hxg6 14.
f4 g5 15. O-O gxf4 16. exf4 c5 17. Be3 cxd4 18. Bxd4 Bxf4 19. Bb5 Bxg3 20. hxg3 O-O 21.
Bxd7 Nxd7 22. Qf3 e5 23. Bf2 d4 24. Rae1 Rxa2 25. Re4 Qc6 26. Qe2 Rxb2 27. Qxb2 Qxe4 28. Qb5 Nc5 29. Qxb6 Nd3 30. Qb5 Rc8 31. g4 Nxf2 0-1

[Event "*** Titled Tuesday Blitz"]
[Site "Chess.com"]
[Date "2021.04.27"]
[Round "2"]
[White "Savagelittlemole"]
[Black "K_A_S_T_O_R"]
[Result "0-1"]
[WhiteElo "2542"]
[BlackElo "2786"]
[TimeControl "180+1"]
[EndTime "10:17:25 PDT"]
[Termination "K_A_S_T_O_R won by resignation"]

1. e4 c5 2. Ne2 d6 3. g3 Nc6 4. Bg2 g6 5. c3 e5 6. d4 exd4 7. cxd4 Bg7 8. Be3 Qb6 9. O-O cxd4 10. Bf4 Qxb2 11. Nd2 d3 12. Nc4 Qxe2 13. Nxd6+ Kf8 14.
Qb3 Nd8 15. Rac1 Be6 16. Qb4 a5 17. Qc5 Ne7 18. e5 h6 19. Rb1 g5 20. Be3 Qc2 21. Qa3 Bd5 22. Bxd5 Nxd5 23. Rfc1 Qe2 24. Nf5+ Kg8 25.
Nxg7 Kxg7 26. Qc5 Nxe3 27. fxe3 Ne6 28. Qd5 Qxe3+ 29. Kh1 Rhd8 30. Qxb7 Rab8 31. Qg2 Rxb1 32. Rxb1 d2 0-1

[Event "*** Titled Tuesday Blitz"]
[Site "Chess.com"]
[Date "2021.04.27"]
[Round "2"]
[White "eduardoperalta"]
[Black "tdf98pantani"]
[Result "0-1"]
[WhiteElo "2493"]
[BlackElo "2709"]
[TimeControl "180+1"]
[EndTime "10:17:25 PDT"]
[Termination "tdf98pantani won on time"]

1. d4 Nf6 2. c4 e6 3. Nf3 b6 4. Nc3 Bb4 5. e3 Ne4 6. Qc2 Bb7 7. Bd3 f5 8. O-O Bxc3 9. bxc3 O-O 10. Ne1 Qh4 11. f3 Ng5 12. a4 Nc6 13. Rb1 Rf6 14.
Qf2 Qh5 15. Qg3 d6 16. e4 Rg6 17. Bxg5 Rxg5 18. Qf4 e5 19. Qd2 exd4 20. exf5 dxc3 21. Qxc3 Ne5 22. Be4 Bxe4 23. fxe4 Re8 24. Rb2 Qh4 25. Qc1 Rh5 26. Qf4 Qxf4 27. Rxf4 Nxc4 28. Rc2 d5 29. Nf3 Rxe4 30. Rxe4 dxe4 31. Rxc4 exf3 32. g4 Rh4 33.
Kf2 Rxh2+ 34. Kxf3 c5 0-1

[Event "*** Titled Tuesday Blitz"]
[Site "Chess.com"]
[Date "2021.04.27"]
[Round "2"]
[White "Nikolakis2014"]
[Black "DonBroca"]
[Result "1-0"]
[WhiteElo "2618"]
[BlackElo "2219"]
[TimeControl "180+1"]
[EndTime "10:17:25 PDT"]
[Termination "Nikolakis2014 won by resignation"]

1. e4 c5 2. Nf3 d6 3. d4 cxd4 4. Nxd4 Nf6 5. Nc3 g6 6. Be3 Bg7 7. f3 Nc6 8. Qd2 O-O 9. O-O-O d5 10. Qe1 e5 11. Nxc6 bxc6 12. exd5 Nxd5 13. Bc4 Be6 14.
Bb3 Re8 15. Kb1 a5 16. h4 Rb8 17. h5 Qc7 18. hxg6 hxg6 19. Bh6 Bf6 20. Ne4 Qe7 21. Qxa5 Rb5 22. Qd2 Reb8 23. g4 Nf4 24. Bxf4 exf4 25. Qxf4 Bg7 26. g5 Bd5 27. Nf6+ Kf8 28. c4 Rxb3 29.
axb3 Rxb3 30. cxd5 Qa3 31. Rd2 Qb4 32. Qxb4+ Rxb4 33.
dxc6 1-0

[Event "*** Titled Tuesday Blitz"]
[Site "Chess.com"]
[Date "2021.04.27"]
[Round "2"]
[White "anon102030"]
[Black "agartha01"]
[Result "1-0"]
[WhiteElo "2762"]
[BlackElo "2537"]
[TimeControl "180+1"]
[EndTime "10:17:26 PDT"]
[Termination "anon102030 won by resignation"]

1. e4 c5 2. Nc3 Nc6 3. g3 g6 4.
Bg2 Bg7 5. d3 d6 6. Be3 e6 7. Nf3 Nge7 8. d4 cxd4 9. Nxd4 O-O 10.
O-O a6 11. f4 Qc7 12. Qd2 b5 13. f5 exf5 14. Nxc6 Nxc6 15. exf5 Bxf5 16. Nd5 Qd8 17. c3 Ne5 18. Rxf5 gxf5 19. Bd4 Re8 20. Rf1 Rb8 21. Rxf5 Qd7 22. Rg5 Kh8 23. Qf4 Qe6 24. Nc7 Qxa2 25. Nxe8 Rxe8 26. Qf2 Kg8 27. Qf6 Qb1+ 28. Bf1 Qg6 29.
Rxg6 hxg6 30. Qxd6 1-0

[Event "*** Titled Tuesday Blitz"]
[Site "Chess.com"]
[Date "2021.04.27"]
[Round "2"]
[White "GMJustin"]
[Black "lagedema"]
[Result "0-1"]
[WhiteElo "2290"]
[BlackElo "2590"]
[TimeControl "180+1"]
[EndTime "10:17:26 PDT"]
[Termination "lagedema won on time"]

1. e4 c6 2. d4 d5 3. e5 Bf5 4.
Bd3 Bxd3 5. Qxd3 e6 6. Ne2 c5 7.
c3 Nc6 8. O-O Qb6 9. Nd2 cxd4 10.
cxd4 Nge7 11. Nf3 Nf5 12. g4 Nfe7 13. Nf4 Ng6 14. Nh5 O-O-O 15. Bg5 Rd7 16. a3 Kb8 17. b4 h6 18. Be3 Rg8 19. Nd2 Be7 20. Nb3 Rdd8 21. Nc5 Nh4 22. f4 g6 23. Nf6 Bxf6 24.
exf6 g5 25. fxg5 hxg5 26. Rfb1 Ka8 27. a4 Qc7 28. Bf2 Qf4 29. Bg3 Qxd4+ 30. Qxd4 Nxd4 31. Kf2 Ng6 32. Rd1 Nc6 33. b5 Nce5 34. h3 Nd7 0-1

[Event "*** Titled Tuesday Blitz"]
[Site "Chess.com"]
[Date "2021.04.27"]
[Round "2"]
[White "ChristopherYoo"]
[Black "JiiHart"]
[Result "1-0"]
[WhiteElo "2938"]
[BlackElo "2016"]
[TimeControl "180+1"]
[EndTime "10:17:27 PDT"]
[Termination "ChristopherYoo won by resignation"]

1. d3 Nf6 2. e4 d6 3. Ne2 g6 4.
g3 Bg7 5. Bg2 O-O 6. O-O c5 7.
Nbc3 Nc6 8. Be3 Ng4 9. Bg5 h6 10. Bd2 Nd4 11. h3 Ne5 12. Nxd4 cxd4 13. Ne2 Nc6 14. f4 f5 15. exf5 Bxf5 16. g4 Bd7 17. Ng3 e6 18. Be4 Qe8 19. f5 gxf5 20. gxf5 exf5 21.
Bd5+ Kh7 22. Kh1 Ne5 23. Qh5 Bc6 24. Bxc6 Qxc6+ 25. Kh2 Qxc2 26. Rf2 Nxd3 27. Rg2 f4 28. Nf5 Rg8 29. Rxg7+ Rxg7 30. Qxh6+ 1-0

[Event "*** Titled Tuesday Blitz"]
[Site "Chess.com"]
[Date "2021.04.27"]
[Round "2"]
[White "chessflav"]
[Black "Aslanov_Umid"]
[Result "1-0"]
[WhiteElo "2315"]
[BlackElo "2442"]
[TimeControl "180+1"]
[EndTime "10:17:28 PDT"]
[Termination "chessflav won by resignation"]

1. e4 c5 2. Nc3 d6 3. g3 g6 4. Bg2 Bg7 5. d3 Nc6 6. Be3 e6 7. Qd2 Rb8 8. Nge2 Nge7 9. Bh6 O-O 10. h4 Nd4 11. Bxg7 Kxg7 12. h5 Rh8 13. h6+ Kf8 14.
Nxd4 cxd4 15. Ne2 Nc6 16. c3 Qf6 17. cxd4 Nxd4 18. Qc3 e5 19. Qc7 Ra8 20. Nxd4 exd4 21. Rc1 Bg4 22. Qxb7 Re8 23. Qxa7 Bf3 24. O-O Bxg2 25.
Kxg2 g5 26. Rc4 Qxh6 27. Rh1 Qf6 28. Rxd4 g4 29. Rc1 h5 30. Qb6 Rd8 31. Rd5 h4 32. Rf5 Qh6 33. Qxd8+ Kg7 34. Qxh4 Qxc1 35. Qf6+ 1-0

[Event "*** Titled Tuesday Blitz"]
[Site "Chess.com"]
[Date "2021.04.27"]
[Round "2"]
[White "MatyChess1"]
[Black "ErikRonka"]
[Result "1-0"]
[WhiteElo "2676"]
[BlackElo "2474"]
[TimeControl "180+1"]
[EndTime "10:17:29 PDT"]
[Termination "MatyChess1 won by resignation"]

1. e4 c6 2. Nf3 d5 3. Nc3 dxe4 4.
Nxe4 Nd7 5. Bc4 Ngf6 6. Qe2 Nxe4 7. Qxe4 Nf6 8. Ne5 e6 9. Qe2 b5 10. Bd3 Qc7 11. b3 Bb7 12. Bb2 Be7 13. O-O O-O 14.
f4 Rae8 15. Rf3 a6 16. Rh3 h6 17. Rf1 c5 18. Ng4 Nxg4 19. Qxg4 f6 20. Rxh6 Bd6 21. Bxf6 Rxf6 22. Rxf6 Qc6 23. Rxe6 Qd5 24. Rxe8+ 1-0

[Event "*** Titled Tuesday Blitz"]
[Site "Chess.com"]
[Date "2021.04.27"]
[Round "2"]
[White "NicoChasin"]
[Black "SergeyShtyka"]
[Result "1-0"]
[WhiteElo "2661"]
[BlackElo "2418"]
[TimeControl "180+1"]
[EndTime "10:17:30 PDT"]
[Termination "NicoChasin won on time"]

1. e4 c5 2. Nf3 Nc6 3. d4 cxd4 4. Nxd4 Nf6 5. Nc3 e5 6. Ndb5 h6 7. Be3 d6 8. Nd5 Nxd5 9. exd5 a6 10. dxc6 axb5 11. cxb7 Bxb7 12. Bxb5+ Ke7 13. O-O g5 14. c4 Kf6 15. f4 gxf4 16. Rxf4+ exf4 17. Bd4+ Kg5 18. Bxh8 d5 19. h4+ Kxh4 20. Qd4 Bc5 21. Qxc5 Qxh8 22. Qe7+ Kg3 23. Qe1+ Kg4 24. Bd7+ f5 25.
Qe2+ Kg5 26. Rf1 Qd4+ 27. Kh2 dxc4 28. Qe7+ Qf6 29. Qb4 Rd8 30. Qxb7 Qf7 31. Bc6 Qh5+ 32. Kg1 Rd1 33. Qe7+ Kg4 34. Bf3+ 1-0